 Dungeon Crawl Stone Soup version 0.22.1-2-g9c5b331383 (webtiles) character file.

8766 Ihlosi the Fighter (level 11, 0/71 HPs)
             Began as a Kobold Gladiator on Dec 8, 2018.
             Was a Believer of Kikubaaqudgha.
             Slain by an orc warrior
             ... wielding a +1 long sword of draining
              (18 damage)
             ... on level 11 of the Dungeon.
             The game lasted 00:41:33 (12832 turns).

Ihlosi the Fighter (Kobold Gladiator)              Turns: 12832, Time: 00:41:34

Health: 0/71       AC:  7    Str: 14    XL:     11   Next: 61%
Magic:  19/19      EV: 18    Int: 10    God:    Kikubaaqudgha [**....]
Gold:   629        SH:  0    Dex: 17    Spells: 20/20 levels left

rFire    . . .     SeeInvis .   a - +1 scimitar
rCold    . . .     Gourm    .   (shield restricted)
rNeg     . . .     Faith    .   A - +1 leather armour {rPois}
rPois    +         Spirit   .   c - +0 helmet
rElec    .         Reflect  .   l - +1 cloak
rCorr    .         Harm     .   (no gloves)
MR       .....                  (no boots)
Stlth    +++++.....             D - amulet of magic regeneration
HPRegen  0.21/turn              e - ring of stealth
MPRegen  0.41/turn              t - ring of stealth

@: heavily drained
A: small, carnivore
a: Receive Corpses, Renounce Religion


You were on level 11 of the Dungeon.
You worshipped Kikubaaqudgha.
Kikubaaqudgha was pleased with you.
You were very full.

You visited 2 branches of the dungeon, and saw 12 of its levels.

You collected 629 gold pieces.

Inventory:

Hand Weapons
 a - a +1 scimitar (weapon)
 b - a +1 dagger of speed
 h - a +0 dagger
 m - a +0 long sword
 q - a +0 blowgun
 F - a +1 dagger of flaming
Missiles
 i - 102 bolts
 k - 12 poisoned needles
Armour
 c - a +0 helmet (worn)
 l - a +1 cloak (worn)
 u - a +3 chain mail
 A - a +1 leather armour of poison resistance (worn)
 O - a scarf of cloud immunity
Magical Staves
 r - an uncursed staff of poison {unknown}
 G - an uncursed staff of death
Jewellery
 d - an uncursed ring of see invisible
 e - a ring of stealth (left hand)
 s - an uncursed ring of protection from magic
 t - a ring of stealth (right hand)
 C - an uncursed ring of protection from cold
 D - an amulet of magic regeneration (around neck)
 L - a +2 ring of evasion
Scrolls
 o - 4 scrolls of enchant weapon
 v - a scroll of teleportation
 x - 3 scrolls of amnesia
 E - a scroll of magic mapping
 H - 5 scrolls of identify
 I - a scroll of random uselessness {unknown}
 K - a scroll of enchant armour
 M - 2 scrolls of remove curse
Potions
 g - a potion of mutation
 j - a potion of ambrosia
 n - a potion of haste
 p - 2 potions of flight {unknown}
 w - 2 potions of magic
 z - 2 potions of brilliance
 B - a potion of berserk rage
 J - 3 potions of curing
Comestibles
 f - 21 rations


   Skills:
 + Level 9.0(7.3) Fighting
 + Level 7.7(6.1) Long Blades
 - Level 2.1(0.8) Throwing
 - Level 3.0(1.6) Armour
 * Level 8.1(6.5) Dodging
 * Level 7.9(6.3) Stealth
 * Level 5.3(3.8) Spellcasting
 * Level 5.1(3.7) Necromancy
 * Level 5.6(4.1) Evocations


You had 20 spell levels left.
You didn't know any spells.
Your spell library contained the following spells:

 Spells                   Type           Power        Failure   Level  Hunger
 Pain                     Necr           #...         7%          1    #......
 Corpse Rot               Necr           N/A          11%         2    ###....
 Sublimation of Blood     Necr           #.........   11%         2    ###....
 Magic Dart               Conj           #...         32%         1    #......
 Shock                    Conj/Air       #...         32%         1    #......
 Summon Small Mammal      Summ           #...         32%         1    #......
 Regeneration             Chrm/Necr      #.........   41%         3    ###....
 Call Imp                 Summ           #.......     43%         2    ###....
 Searing Ray              Conj           #.....       43%         2    ###....
 Swiftness                Chrm/Air       #.......     43%         2    ###....
 Call Canine Familiar     Summ           #.......     67%         3    ###....
 Dazzling Spray           Conj/Hex       #.....       67%         3    ###....
 Static Discharge         Conj/Air       #.......     67%         3    ###....
 Summon Guardian Golem    Hex/Summ       #.......     67%         3    ###....
 Airstrike                Air            #.........   97%         4    #####..
 Force Lance              Conj/Tloc      #.......     97%         4    #####..
 Fulminant Prism          Conj/Hex       #.........   97%         4    #####..
 Iskenderun's Mystic Bla  Conj           #.......     97%         4    #####..
 Summon Ice Beast         Ice/Summ       #.......     97%         4    #####..
 Summon Lightning Spire   Summ/Air       #.......     97%         4    #####..
 Lightning Bolt           Conj/Air       #.........   100%        5    ######.


Dungeon Overview and Level Annotations

Branches:
Dungeon (11/15)            Temple (1/1) D:5
   Lair: D:8-11         Orc: D:9-12

Altars:
Ashenzari
Cheibriados
Dithmenos
Elyvilon
Fedhas
Gozag
Hepliaklqana
Kikubaaqudgha
Makhleb
Nemelex Xobeh
Okawaru
Qazlal
Ru
Sif Muna
Trog
Uskayaw
Vehumet
Wu Jian
Xom
Yredelemnul
Zin
The Shining One

Annotations:
D:4 unfinished gnolls
D:10 Orc warriors, exclusion: downstairs
D:11 Hydras!


Innate Abilities, Weirdness & Mutations

You are small and have problems with some larger weapons.
You are carnivorous and can eat meat at any time.


Message History

The orc warrior is almost dead.
The orc warrior hits you with a long sword of draining!
* * * LOW HITPOINT WARNING * * *
You feel drained.
* * * LOW HITPOINT WARNING * * *
You hear a shout!
You hear a shout!
Evoke which item? (* to show all) (? for menu, Esc to quit)
Aiming: Iceblast
Press: ? - help, Shift-Dir - straight line, f - orc warrior
Aim: an orc warrior, wielding a long sword of draining and wearing a plate The mass of ice explodes!
The iceblast engulfs the orc warrior.
The orc warrior is almost dead.
The iceblast engulfs the yak.
The yak is heavily wounded.
The now-empty wand crumbles to dust.
There is a stone staircase leading up here.
The orc warrior hits you with a long sword of draining!!
You die...
Kikubaaqudgha rasps: "You have failed me!
Welcome... death!"

##.## #...#
#...# #...#
...#####...#
#.........#
#######...#
#.Yo# #..@#
#...# #####


You could see a yak and an orc warrior.

Vanquished Creatures
  Gastronok (D:10)
  2 two-headed ogres
  Psyche (D:10)
  Joseph (D:8)
  A troll (D:10)
  Grum (D:8)
  Menkaure (D:5)
  Edmund (D:4)
  A water moccasin (D:11)
  A soldier ant (D:11)
  4 orc warriors
  2 phantoms
  2 ice beasts
  A sky beast (D:5)
  3 black bears
  A centaur (D:6)
  6 ogres
  4 wolves (D:8)
  Blork the orc (D:5)
  3 bullfrogs
  3 big kobolds
  3 scorpions
  5 killer bees (D:9)
  4 howler monkeys
  2 centaur zombies
  3 crimson imps (D:4)
  A quasit (D:10)
  2 jellies
  6 orc priests
  5 hounds
  A bullfrog skeleton (D:7)
  13 orc wizards
  A gnoll shaman (D:4)
  6 iguanas
  6 worker ants
  A hound zombie (D:7)
  A hound skeleton (D:5)
  A worker ant zombie (D:11)
  4 gnolls (D:4)
  15 adders
  4 shadow imps
  2 adder skeletons (D:4)
  2 worms
  3 dart slugs
  6 leopard geckos
  27 orcs
  5 giant cockroaches
  2 goblins
  4 hobgoblins
  2 jackals (D:8)
  17 kobolds
  4 quokkas
  A ball python (D:1)
  10 bats
  7 frilled lizards
  A jackal zombie (D:5)
  8 rats
226 creatures vanquished.

Vanquished Creatures (others)
  A wizard (D:6)
  11 fungi (D:11)
  11 plants (D:11)
23 creatures vanquished.

Grand Total: 249 creatures vanquished

Notes
Turn   | Place    | Note
-------+----------+-------------------------------------------
     0 | D:1      | Ihlosi the Kobold Gladiator began the quest for the Orb.
     0 | D:1      | Reached XP level 1. HP: 12/12 MP: 1/1
   236 | D:1      | Reached XP level 2. HP: 12/17 MP: 2/2
   490 | D:1      | Reached XP level 3. HP: 6/22 MP: 3/3
   856 | D:2      | Reached skill level 1 in Stealth
  1159 | D:2      | Reached XP level 4. HP: 27/27 MP: 4/4
  1881 | D:3      | Reached XP level 5. HP: 27/31 MP: 5/5
  2102 | D:3      | Reached skill level 1 in Evocations
  2257 | D:3      | Found a faded altar of an unknown god.
  2295 | D:3      | Reached skill level 1 in Armour
  2753 | D:4      | Reached XP level 6. HP: 18/36 MP: 6/6
  3191 | D:4      | Noticed Edmund
  3242 | D:4      | Reached skill level 3 in Fighting
  3257 | D:4      | Reached XP level 7. HP: 13/41 MP: 8/8
  3399 | D:4      | Killed Edmund
  3459 | D:4      | Found a shimmering altar of Xom.
  3592 | D:4      | Found a glowing golden altar of the Shining One.
  3641 | D:5      | Entered Level 5 of the Dungeon
  3641 | D:5      | Noticed Menkaure
  3757 | D:5      | Reached skill level 5 in Stealth
  4110 | D:5      | Reached XP level 8. HP: 22/46 MP: 9/9
  4818 | D:5      | Reached skill level 5 in Long Blades
  4818 | D:5      | Reached skill level 5 in Dodging
  5136 | D:5      | Found an iron altar of Okawaru.
  5418 | D:5      | Noticed Blork the orc
  5429 | D:5      | Killed Blork the orc
  5429 | D:5      | Reached skill level 4 in Fighting
  5434 | D:5      | Found a staircase to the Ecumenical Temple.
  5534 | D:5      | Killed Menkaure
  5675 | D:6      | Reached XP level 9. HP: 49/52 MP: 11/11
  5687 | D:6      | Found a white marble altar of Elyvilon.
  5751 | Temple   | Entered the Ecumenical Temple
  5763 | Temple   | Became a worshipper of Kikubaaqudgha
  5932 | D:6      | Found a bloodstained altar of Trog.
  5938 | D:6      | Noticed a wizard
  5944 | D:6      | Killed a wizard
  6543 | D:6      | Reached skill level 1 in Spellcasting
  6543 | D:6      | Reached skill level 1 in Necromancy
  6623 | D:6      | Reached skill level 5 in Fighting
  7037 | D:7      | Found a stormy altar of Qazlal.
  7344 | D:7      | Reached skill level 6 in Fighting
  7487 | D:7      | Reached * piety under Kikubaaqudgha
  7487 | D:7      | Identified Kikubaaqudgha's Tome of Dark Secrets
                  | (Kikubaaqudgha gifted it to you on level 7 of the Dungeon)
  7487 | D:7      | Received a gift from Kikubaaqudgha
  7624 | D:7      | Noticed a two-headed ogre
  7641 | D:7      | Killed a two-headed ogre
  7641 | D:7      | Reached skill level 7 in Fighting
  7641 | D:7      | Reached XP level 10. HP: 47/63 MP: 13/15
  8044 | D:8      | Noticed Joseph
  8294 | D:8      | Noticed Grum
  8333 | D:8      | Reached skill level 8 in Fighting
  8383 | D:8      | Killed Grum
  8391 | D:8      | HP: 3/64 [wolf[Grum] (11)]
  8920 | D:8      | Killed Joseph
  9385 | D:9      | Found a shadowy altar of Dithmenos.
  9391 | D:9      | Found a hazy altar of Hepliaklqana.
  9393 | D:9      | Found a glowing silver altar of Zin.
  9393 | D:9      | Found a sacrificial altar of Ru.
  9393 | D:9      | Found a white marble altar of Elyvilon.
  9393 | D:9      | Found a basalt altar of Yredelemnul.
  9395 | D:9      | Found a snail-covered altar of Cheibriados.
  9913 | D:9      | Noticed a two-headed ogre
 10299 | D:9      | Killed a two-headed ogre
 10299 | D:9      | Reached XP level 11. HP: 41/69 MP: 17/17
 10373 | D:10     | Entered Level 10 of the Dungeon
 10442 | D:10     | Noticed Gastronok
 10468 | D:10     | Killed Gastronok
 10468 | D:10     | Reached skill level 5 in Spellcasting
 10468 | D:10     | Reached skill level 5 in Evocations
 10833 | D:10     | Reached ** piety under Kikubaaqudgha
 11276 | D:10     | Noticed Psyche
 11292 | D:10     | Killed Psyche
 11292 | D:10     | Reached skill level 5 in Necromancy
 11337 | D:10     | Found a burning altar of Makhleb.
 12078 | D:11     | Noticed a two-headed ogre
 12249 | D:11     | Reached skill level 9 in Fighting
 12269 | D:11     | Noticed a five-headed hydra
 12269 | D:11     | Noticed a six-headed hydra
 12832 | D:11     | Slain by an orc warrior

Skill      XL: |  1  2  3  4  5  6  7  8  9 10 11 |
---------------+----------------------------------+-----
Dodging        | 4 5 6 7 8 |  8.1
Stealth        | 1 2 3 5 6 7 |  7.9
Long Blades    | 3 4 5 6 7 |  7.7
Evocations     | 1 2 3 4 5 |  5.6
Armour         | 1 2 3 |  3.0
Fighting       | 3 4 7 8 9 |  9.0
Spellcasting   | 3 4 5 |  5.3
Necromancy     | 3 4 5 |  5.1
Throwing       | |  2.1

Action                   |  1- 3 |  4- 6 |  7- 9 | 10-12 || total
-------------------------+-------+-------+-------+-------++-------
Melee: Long sword        |    62 |   149 |   160 |       ||   371
       Scimitar          |       |       |   131 |   296 ||   427
 Fire: Blowgun           |       |     1 |    18 |    36 ||    55
Throw: Throwing net      |       |       |     4 |       ||     4
Evoke: Wand              |       |     3 |     9 |    12 ||    24
  Use: Scroll            |       |     3 |    12 |    10 ||    25
       Potion            |       |       |     2 |     7 ||     9
 Stab: Sleeping          |     3 |    13 |    13 |     4 ||    33
       Paralysed         |       |     6 |    15 |       ||    21
       Held in net/web   |       |       |     2 |       ||     2
       Distracted        |       |       |       |     1 ||     1
  Eat: Chunk             |     9 |     6 |    12 |    19 ||    46
Armor: Leather armour    |    17 |    31 |    48 |    51 ||   147
       Skin              |       |       |       |     1 ||     1
Dodge: Dodged            |    62 |   137 |   209 |   269 ||   677
       Rpst.: Long sword |    25 |    41 |    26 |       ||    92
       Scimitar          |       |       |    40 |    77 ||   117
